AoeStats
← 2-way slashing playmaker

Nomad

509937989Analyzed
2v2 RM · 2d ago on Sep 28, 2026· 46m 29s· 4 players
Game mode
Random Map
Map size
176×176
Population
200
Speed
Normal
Resources
Standard
Victory
Conquest
Starting age
Dark Age
Ending age
Imperial Age
RankedLock teamsTeams togetherTeam positionsShared explorationLock speedFull tech treeHidden civsTurbo modeCheats
Victory
Defeat
🇳🇴 Persians · Norway
845
+13
🇳🇴 Sicilians · Norway
723
+18
🇬🇧 Spanish · United Kingdom
891
-21
🇩🇪 Romans · Germany
644
-10
2-way slashing playmaker
4:26 Loom
17:13 Feudal Age
21:10 Double-Bit Axe
23:02 Wheelbarrow
22:12 Town Watch
40:16 Fishing Lines
48:02 Castle Age
DdoubleM
13:56 Feudal Age
14:51 Feudal Age
16:36 Double-Bit Axe
21:56 Castle Age
26:56 Fletching
31:27 Gold Mining
31:49 Bow Saw
37:35 Imperial Age
37:34 Bodkin Arrow
37:08 Light Cavalry
43:31 Conscription
RedBeard
6:47 Loom
18:11 Feudal Age
19:03 Fishing Lines
20:10 Wheelbarrow
19:21 Town Watch
23:53 Castle Age
22:45 Double-Bit Axe
22:42 Horse Collar
23:19 Scale Barding Armor
23:25 Forging
26:04 Gillnets
27:09 Medium Warships
27:50 Hand Cart
28:52 Town Patrol
34:18 Heavy Plow
34:45 Bow Saw
39:00 Gold Mining
39:01 Stone Mining
42:36 Chain Barding Armor
48:06 Imperial Age
Benji
16:58 Feudal Age
16:48 Loom
18:35 Wheelbarrow
19:52 Horse Collar
24:59 Castle Age
24:35 Scale Mail Armor
24:45 Forging
35:37 Double-Bit Axe
35:56 Heavy Plow
38:12 Elite Skirmisher
42:12 Pikeman
Connection lost

Rejoining the realm…

Still unreachable

The connection could not be restored.

Session expired

The server has moved on; the page needs a fresh start.